 Dungeon Crawl Stone Soup version 0.30-a0-1016-gfb0d676c02 (webtiles) character file.

Game seed: 16206121559787927534

93 Pimp the Trooper (level 4, 0/41 HPs)
             Began as a Barachi Fighter on Apr 6, 2023.
             Slain by Sigmund
             ... wielding a +2 vampiric scythe
              (2 damage)
             ... on level 2 of the Dungeon.
             The game lasted 00:04:25 (1463 turns).

Pimp the Trooper (Barachi Fighter)                  Turns: 1463, Time: 00:04:26

Health: 0/41       AC:  9    Str: 17 (19) XL:     4   Next: 62%
Magic:  4/4        EV: 10    Int:  7 (8)  God:
Gold:   163        SH:  4    Dex:  9 (12) Spells: 3/3 levels left

rFire   . . .      SeeInvis .    a - +2 long sword
rCold   . . .      Faith    .    c - +0 buckler
rNeg    . . .      Spirit   .    p - +2 ring mail {rPois}
rPois   +          Reflect  .    h - +0 helmet
rElec   .          Rampage  .    (no cloak)
rCorr   .                        (no gloves)
Will    .....                    (no boots) Stlth
                                 (no amulet)
HPRegen 0.26/turn                (no ring)
MPRegen 0.09/turn                (no ring)

@: brilliant, flying, slow
A: amphibious, slowness 1, strong legs 1, +LOS, hooves 1, robust 1, MP-powered
wands
a: Hop


You were on level 2 of the Dungeon.
You visited 1 branch of the dungeon, and saw 3 of its levels.

You collected 163 gold pieces.

Inventory:

Hand Weapons
 a - a +2 long sword (weapon)
Armour
 b - a +0 scale mail
 c - a +0 buckler (worn)
 h - a +0 helmet (worn)
 p - a +2 ring mail of poison resistance (worn)
Jewellery
 q - a ring of poison resistance
Scrolls
 g - a scroll of magic mapping
 i - a scroll of enchant armour {unknown}
 j - a scroll of summoning {unknown}
Potions
 d - 3 potions of might
 l - a potion of mutation
 n - a potion of degeneration


   Skills:
 + Level 4.4 Fighting
 + Level 3.4 Long Blades
 + Level 4.4 Armour
 + Level 4.0 Shields


You had 3 spell levels left.
You didn't know any spells.
Your spell library contained the following spells:

 Spells                   Type           Power      Damage    Failure   Level
 Magic Dart               Conj           0%         1d3       71%         1
 Ensorcelled Hibernation  Hex/Ice        0%         N/A       85%         2
 Searing Ray              Conj           0%         2d4       85%         2
 Spider Form              Tmut/Pois      0%         N/A       97%         3
 Anguish                  Hex/Necr       0%         N/A       100%        4
 Fulminant Prism          Conj/Hex       0%         3d5       100%        4


Dungeon Overview and Level Annotations

Branches:
Dungeon (3/15)

Altars:
Trog

Annotations:
D:2 Sigmund


Innate Abilities, Weirdness & Mutations

You are amphibious.
You cover ground slowly.
You can hop short distances.
You have an extended range of vision and can be seen from far away.
You have large cloven feet.
You are robust. (+10% HP)
You expend magic power (3 MP) to strengthen your wands.


Message History

You closely miss Sigmund.
Sigmund is lightly wounded.
You barely miss Sigmund.
Sigmund is lightly wounded.
Sigmund hits you with a +2 vampiric scythe!
You barely miss Sigmund.
Sigmund is lightly wounded.
Sigmund mumbles some strange words.
Sigmund flickers and vanishes!
Deactivating autopickup; reactivate with Ctrl-A.
It was a potion of mutation.
You feel extremely strange.
You feel your magical essence link to the dungeon's wands.
Your feet thicken and deform.
You feel robust. Something hits you but does no damage.
As you read the scroll labelled KOTWAG VYATHRAA, it crumbles to dust.
It is a scroll of enchant weapon.
Your +0 long sword glows red for a moment.
Something hits you but does no damage.
As you read the scroll of enchant weapon, it crumbles to dust.
Your +1 long sword glows red for a moment.
You miss something.
You hear some strange, mumbled words.
A magic dart appears from out of thin air!
The magic dart hits you!
* * * LOW HITPOINT WARNING * * *
Something hits you but does no damage.
You hit something.
It was a potion of degeneration.
There was something very wrong with that liquid.
You feel weakened.
You feel dopey.
You feel clumsy. Something hits you.
* * * LOW HITPOINT WARNING * * *
It was a potion of flight.
You feel very buoyant.
You fly up into the air.
Something hits you but does no damage.
It was a potion of magic.
Magic courses through your body.
It was a potion of brilliance.
You feel clever all of a sudden. Something hits you.
You die...

###.....## 8#......
.......## ........
.... ..# #...# #.. ..#
##...## #.# #.#
8...8#######.####.#
#...##......@....>#
#...##......{...(.#
##...##...........##
####8...8#...........#
...##...##)..........#
.....................#
.........###..##.#####
.....#####...##......#
...#..# #.####......#


There were no monsters in sight!

Vanquished Creatures
  Terence (D:1)
  Robin (D:2)
  5 ball pythons
  6 bats
  2 endoplasms (D:1)
  3 giant cockroaches
  15 goblins
  7 hobgoblins
  2 quokkas (D:3)
  3 frilled lizards
  4 kobolds
  4 rats
53 creatures vanquished.

Notes
Turn   | Place    | Note
-------+----------+-------------------------------------------
     0 | D:1      | Pimp the Barachi Fighter began the quest for the Orb.
     0 | D:1      | Reached XP level 1. HP: 18/18 MP: 1/1
   201 | D:1      | Reached XP level 2. HP: 21/25 MP: 2/2
   483 | D:1      | Reached XP level 3. HP: 29/30 MP: 3/3
   862 | D:2      | Noticed Terence
   864 | D:2      | Noticed Robin
   899 | D:1      | Killed Terence
   953 | D:1      | Reached XP level 4. HP: 31/37 MP: 4/4
  1061 | D:2      | Killed Robin
  1217 | D:2      | Found a bloodstained altar of Trog.
  1339 | D:2      | Noticed Sigmund
  1455 | D:2      | Gained mutation: You expend magic power (3 MP) to
                  | strengthen your wands. [potion of mutation]
  1455 | D:2      | Gained mutation: You have large cloven feet. [potion of
                  | mutation]
  1455 | D:2      | Gained mutation: You are robust. (+10% HP) [potion of
                  | mutation]
  1460 | D:2      | HP: 2/41 [something (6)]
  1463 | D:2      | Slain by Sigmund

Illustrated notes

Levels and vault maps discovered:
D:1:      dpeg_arrival_rhombi, layout_basic, minmay_domino_4
D:2:      layout_basic, serial_corexii_hall, corexii_hall_statues_s,
          corexii_hall_statues_x, basic_altar, minivault_24,
          kennysheep_generic_room_9, uniq_robin, uniq_terence, uniq_sigmund
D:3:      layout_basic, nemelex_spade_bored_becter,
          dilly_ecumenical_altar_fadedgnrine, uniq_jessica

Skill      XL: |  1  2  3  4 |
---------------+-------------+-----
Fighting       | 4 |  4.4
Armour         | 4 |  4.4
Long Blades    | 3 |  3.4
Shields        | 4 |  4.0

Action                     |  1- 3 |  4- 6 || total
---------------------------+-------+-------++-------
  Melee: Long sword        |   116 |    85 ||   201
    Use: Scroll            |     1 |     3 ||     4
         Potion            |       |     5 ||     5
 Armour: Scale mail        |    92 |    29 ||   121
         Ring mail         |       |    20 ||    20
  Dodge: Dodged            |    64 |    33 ||    97
  Block: Buckler           |    36 |    30 ||    66

Table legend: (Time is in decaauts)
 A = Elapsed time spent in this place.
 B = Non-inter-level travel time spent in this place.
 C = Inter-level travel time spent in this place.
 D = Time resting spent in this place.
 E = Time spent auto-exploring this place.
 F = Levels seen in this place.
 G = Mean time per level.
                   A        B        C        D        E       F      G
               +--------+--------+--------+--------+--------+-----+--------+
         Total |   1723 |   1679 |     44 |    158 |    917 |   3 |  574.3 |
       Dungeon |   1723 |   1679 |     44 |    158 |    917 |   3 |  574.3 |
               +--------+--------+--------+--------+--------+-----+--------+

Top non-repeatable levels by time:
     D:1: 1182 daAuts
     D:2: 441 daAuts
     D:3: 99 daAuts
